 Dungeon Crawl Stone Soup version 0.27-a0-965-gbf8bb431c4 (webtiles) character file.

Game seed: 17372244210185858300

259 rednaxela the Ruffian (level 6, -3/45 HPs)
             Began as a Ghoul Necromancer on Apr 11, 2021.
             Was a Believer of Uskayaw.
             Slain by an ogre
             ... wielding a +0 giant spiked club
              (27 damage)
             ... on level 4 of the Dungeon on Apr 13, 2021.
             The game lasted 00:14:54 (3666 turns).

rednaxela the Ruffian (Ghoul Necromancer)           Turns: 3666, Time: 00:14:55

Health: -3/45      AC:  7    Str: 14    XL:     6   Next: 17%
Magic:  7/7        EV: 10    Int: 10    God:    Uskayaw [**....]
Gold:   168        SH:  0    Dex:  9    Spells: 7/8 levels left

rFire    . . .     SeeInvis .     - Unarmed
rCold    + + .     Faith    .   (no shield)
rNeg     + + +     Spirit   .   m - +0 ring mail
rPois    ∞         Reflect  .   (no helmet)
rElec    .         Harm     .   f - +1 cloak
rCorr    .         Rampage  .   (no gloves)
Will     .....                  (no boots)
Stlth    +.........             (no amulet)
HPRegen  0.00/turn              t - ring of protection from cold
MPRegen  0.10/turn              (no ring)

@: no status effects
A: claws 1, cold resistance 1, negative energy resistance 3, inhibited
regeneration, torment resistance 2, unbreathing 1
a: Renounce Religion, Stomp, Line Pass


You were on level 4 of the Dungeon.
You worshipped Uskayaw.
Uskayaw was noncommittal.
You visited 1 branch of the dungeon, and saw 4 of its levels.

You collected 168 gold pieces.

Inventory:

Missiles
 j - 32 poisoned darts
Armour
 f - a +1 cloak (worn)
   (You found it on level 1 of the Dungeon)
 m - a +0 ring mail (worn)
   (You took it off a kobold on level 1 of the Dungeon)
Magical Staves
 b - a staff of death
   (You found it on level 2 of the Dungeon)
Jewellery
 a - a ring of flight
   (You found it on level 2 of the Dungeon)
 c - a +6 ring of intelligence
   (You found it on level 1 of the Dungeon)
 l - an amulet of magic regeneration
   (You found it on level 2 of the Dungeon)
 p - a ring of fire
   (You found it on level 3 of the Dungeon)
 t - a ring of protection from cold (left claw)
   (You found it on level 4 of the Dungeon)
Wands
 w - a wand of iceblast (5) {@v2}
   (You found it on level 4 of the Dungeon)
Scrolls
 e - a scroll of acquirement {unknown}
 g - a scroll of magic mapping {unknown}
 i - 2 scrolls of fog {!r}
 s - 2 scrolls of enchant weapon
 y - 2 scrolls of immolation {unknown}
Potions
 d - 2 potions of heal wounds {@q2 !q}
 k - 2 potions of curing {@q1 !q}
 n - a potion of resistance {unknown}
 o - a potion of attraction {unknown}
 q - a potion of haste {unknown}
 r - a potion of flight
 u - a potion of magic {unknown}
 v - 2 potions of berserk rage
 x - 2 potions of degeneration


   Skills:
 - Level 1.7 Dodging
 - Level 2.1 Stealth
 + Level 6.4 Unarmed Combat
 - Level 1.7 Spellcasting
 - Level 4.0 Necromancy


You had 7 spell levels left.
You knew the following spells:

 Your Spells              Type           Power      Damage    Failure   Level
a - Pain                  Necr           32%        1d5       13%         1

Your spell library contained the following spells:

 Spells                   Type           Power      Damage    Failure   Level
 Animate Skeleton         Necr           16%        N/A       13%         1
 Vampiric Draining        Necr           4%         2d6       36%         3
 Animate Dead             Necr           4%         N/A       77%         4
 Confusing Touch          Hex            0%         N/A       89%         3
 Gell's Gravitas          Tloc           0%         N/A       89%         3
 Agony                    Necr           8%         N/A       98%         5
 Petrify                  Tmut/Erth      0%         N/A       100%        4
 Metabolic Englaciation   Hex/Ice        0%         N/A       100%        5
 Yara's Violent Unravell  Hex/Tmut       0%         3d3       100%        5


Dungeon Overview and Level Annotations

Branches:
Dungeon (4/15)
 Temple: D:4-7

Altars:
Sif Muna
Uskayaw

Annotations:
D:2 !ice beast


Innate Abilities, Weirdness & Mutations

You thrive by killing the living.
You are immune to poison.
You have sharp fingernails.
Your flesh is cold resistant. (rC+)
You are immune to negative energy. (rN+++)
You do not regenerate when monsters are visible.
You are immune to unholy pain and torment.
You can survive without breathing.


Message History

The howler monkey is severely wounded.
The howler monkey hoots and howls with incredible vigour!
You barely miss the howler monkey.
The howler monkey is severely wounded.
The howler monkey hits you.
You closely miss the howler monkey.
The howler monkey is severely wounded.
The howler monkey hoots and howls with incredible vigour!
You scratch the howler monkey. You claw the howler monkey.
You kill the howler monkey!
You have reached level 6!
Your experience leads to an increase in your attributes!
Increase (s)trength, (i)ntelligence, or (d)exterity?
You feel stronger.
You can no longer pass through a line of other dancers.
Found 13 arrows.
Found a ring mail.
Found a stone staircase leading down.
An endoplasm comes into view.
You see here a silvery potion.
u - a silvery potion
Found a stone staircase leading down.
The endoplasm quivers.
The endoplasm jiggles.
You claw the endoplasm!
You kill the endoplasm!
No target in view!
v - a murky pink potion
Found a stone staircase leading up.
w - a wand of iceblast (5) {@v2} You now have 156 gold pieces (gained 6).
x - a sapphire potion The ogre shouts!
Found a robe.
Found a shimmering blue altar of Sif Muna.
The teleport trap disappears.
The ogre disappears!
Found 6 javelins.
You see here 6 javelins.
s - 2 scrolls labelled CAPHILY XOUJU (gained 1)
Found a spear.
Found 13 arrows.
There is an open door here.
x - 2 sapphire potions (gained 1)
v - 2 murky pink potions (gained 1)
There is an open door here.
Found a flail.
You now have 168 gold pieces (gained 12).
h - 6 scrolls labelled HAM SIOGOUD (gained 3)
An endoplasm comes into view.
An endoplasm is nearby!
An endoplasm is nearby!
An endoplasm is nearby!
The endoplasm quivers.
You see here 2 scrolls labelled OGHOED XAMAH.
y - 2 scrolls labelled OGHOED XAMAH
As you read the scroll labelled HAM SIOGOUD, it crumbles to dust.
It is a scroll of identify.
s - 2 scrolls of enchant weapon The endoplasm closely misses you.
You scratch the endoplasm.
The endoplasm is lightly wounded.
You claw the endoplasm!
You kill the endoplasm!
No target in view!
As you read the scroll of identify {@r1}, it crumbles to dust.
d - 2 potions of heal wounds
As you read the scroll of identify {@r1}, it crumbles to dust.
k - 2 potions of curing
As you read the scroll of identify {@r1}, it crumbles to dust.
v - 2 potions of berserk rage
As you read the scroll of identify {@r1}, it crumbles to dust.
x - 2 potions of degeneration
As you read the scroll of identify {@r1}, it crumbles to dust.
r - a potion of flight
Okay, then.
You see here a +0 flail.
There is an open door here.
The ogre shouts!
An ogre is nearby!
An ogre is nearby!
The ogre hits you with a +0 giant spiked club!
You claw the ogre!
The ogre is heavily wounded.
You barely miss the ogre.
The ogre is heavily wounded.
The ogre hits you with a +0 giant spiked club!
* * * LOW HITPOINT WARNING * * *
You are too injured to fight recklessly!
You are too injured to fight recklessly!
You scratch the ogre.
The ogre is heavily wounded.
The ogre barely misses you.
You scratch the ogre.
The ogre is severely wounded.
You can now pass through a line of other dancers.
You scratch the ogre but do no damage.
The ogre is severely wounded.
The ogre hits you with a +0 giant spiked club!!
Ouch! That really hurt!
You die...

#..>........# ##........#
#...###..##.#
##..).###### ...##
##.##'## ##.##### ..##
###8.8## ##..# ..#
##.....## ##..## .##
#8.....8####...# ##
#.........##....# #
#8.........8#...##
####.+.....[...O@'...##
.....#8.........8##...##
#.#####.........####...##
..# ##8.....8###
##...#### #.# ##.....##.#
##..#..## ..# ##8.8##..#
###......# ### ##'#
#.####........## #.###.#
#..........##
#.....###...........#


You could see an ogre.

Vanquished Creatures
  Menkaure (D:4)
  A howler monkey (D:4)
  An adder (D:2)
  4 dart slugs
  9 endoplasms
  5 giant cockroaches
  7 goblins
  6 hobgoblins
  10 jackals
  2 quokkas
  5 ball pythons
  10 bats
  3 frilled lizards
  7 kobolds
  15 rats
86 creatures vanquished.

Notes
Turn   | Place    | Note
-------+----------+-------------------------------------------
     0 | D:1      | rednaxela the Ghoul Necromancer began the quest for the
                  | Orb.
     0 | D:1      | Reached XP level 1. HP: 14/14 MP: 2/2
    93 | D:1      | Reached skill level 1 in Unarmed Combat
   256 | D:1      | Reached XP level 2. HP: 18/20 MP: 3/3
   262 | D:1      | Reached skill level 2 in Unarmed Combat
   643 | D:1      | Reached XP level 3. HP: 23/26 MP: 4/4
   713 | D:1      | Reached skill level 3 in Unarmed Combat
  1338 | D:2      | Noticed an ice beast
  1436 | D:2      | Upgraded the game from 0.27-a0-951-gae3e1deef5 to
                  | 0.27-a0-965-gbf8bb431c4
  1586 | D:2      | Reached XP level 4. HP: 25/33 MP: 5/5
  1744 | D:2      | Reached skill level 4 in Unarmed Combat
  2644 | D:3      | Found a faded altar of an unknown god.
  2968 | D:4      | Noticed an ogre
  2996 | D:4      | Found a hide-covered altar of Uskayaw.
  3003 | D:4      | Became a worshipper of Uskayaw the Reveller
  3037 | D:4      | Reached * piety under Uskayaw
  3101 | D:4      | Noticed Menkaure
  3112 | D:4      | Reached ** piety under Uskayaw
  3113 | D:4      | Killed Menkaure
  3113 | D:4      | Reached *** piety under Uskayaw
  3114 | D:4      | Reached skill level 6 in Unarmed Combat
  3114 | D:4      | Reached XP level 5. HP: 32/38 MP: 6/6
  3359 | D:4      | Reached XP level 6. HP: 38/45 MP: 7/7
  3456 | D:4      | Found a shimmering blue altar of Sif Muna.
  3666 | D:4      | Slain by an ogre

Illustrated notes

Levels and vault maps discovered:
D:1:      shiori_arrival_elements, layout_loops_ring, minmay_nonomino_d4
D:2:      layout_loops_ring, minmay_rat_gold_closets
D:3:      layout_rooms, hellmonk_ecumenical_altar_crossroads,
          hangedman_abyss_or_decor_stabs
D:4:      layout_cave_pods, lemuel_crystal_altar, lemuel_tele_altar,
          supply_closet_lemuel, dk_noncrumbling_4, uniq_menkaure

Skill      XL: |  1  2  3  4 |
---------------+-------------+-----
Unarmed Combat | 1 2 3 6 |  6.4
Dodging        | |  1.7
Stealth        | |  2.1
Spellcasting   | |  1.7
Necromancy     | |  4.0

Action                   |  1- 3 |  4- 6 || total
-------------------------+-------+-------++-------
Melee: Unarmed           |   153 |   135 ||   288
       Punch             |     1 |     1 ||     2
  Use: Scroll            |       |     7 ||     7
 Stab: Sleeping          |     5 |     2 ||     7
       Distracted        |     1 |       ||     1
Armor: Robe              |    35 |       ||    35
       Ring mail         |       |    69 ||    69
Dodge: Dodged            |   101 |    69 ||   170

Table legend: (Time is in decaauts)
 A = Elapsed time spent in this place.
 B = Non-inter-level travel time spent in this place.
 C = Inter-level travel time spent in this place.
 D = Time resting spent in this place.
 E = Time spent auto-exploring this place.
 F = Levels seen in this place.
 G = Mean time per level.
                   A        B        C        D        E       F      G
               +--------+--------+--------+--------+--------+-----+--------+
         Total |   3651 |   3389 |    262 |    303 |   2069 |   4 |  912.8 |
       Dungeon |   3651 |   3389 |    262 |    303 |   2069 |   4 |  912.8 |
               +--------+--------+--------+--------+--------+-----+--------+

Top non-repeatable levels by time:
     D:1: 1476 daAuts
     D:2: 1071 daAuts
     D:4: 678 daAuts
     D:3: 425 daAuts
